 Dungeon Crawl Stone Soup version 0.30.0-10-gfe55d96785 (webtiles) character file.

Game seed: 11228872589266699174

79 FexLirch the Slasher (level 3, -1/30 HPs)
             Began as a Demigod Fighter on May 14, 2023.
             Slain by an orc wizard
             ... wielding a +1 vampiric dagger
              (3 damage)
             ... on level 3 of the Dungeon.
             The game lasted 00:02:43 (1744 turns).

FexLirch the Slasher (Demigod Fighter)              Turns: 1744, Time: 00:02:44

Health: -1/30      AC:  7    Str: 17    XL:     3   Next: 97%
Magic:  5/5        EV:  9    Int: 10    God:
Gold:   150        SH:  5    Dex: 17    Spells: 2/2 levels left

rFire   . . .        a - +0 long sword
rCold   . . .        c - +0 buckler
rNeg    . . .        b - +0 scale mail
rPois   .            (no helmet)
rElec   .            i - +0 cloak
rCorr   .            (no gloves)
SInv    .            (no boots)
Will    .....        (no amulet) Stlth
                     (no ring)
HPRegen 0.25/turn    (no ring)
MPRegen 0.09/turn

%: no passive effects
@: mighty
A: high MP 1, forlorn, divine attributes
a: no special abilities


You were on level 3 of the Dungeon.
You visited 1 branch of the dungeon, and saw 3 of its levels.

You collected 150 gold pieces.

Inventory:

Hand Weapons
 a - a +0 long sword (weapon)
Missiles
 m - 6 poisoned darts (quivered)
Armour
 b - a +0 scale mail (worn)
 c - a +0 buckler (worn)
 i - a +0 cloak (worn)
Wands
 p - a wand of mindburst (13)
Scrolls
 j - a scroll of teleportation {unknown}
 k - a scroll of amnesia {unknown}
 l - 3 scrolls of identify {unknown}
 o - a scroll of torment {unknown}
Potions
 e - a potion of lignification {unknown}
 f - a potion of curing {unknown}
 g - a potion of cancellation {unknown}
 h - 2 potions of ambrosia {unknown}
 n - a potion of attraction {unknown}
 q - a potion of heal wounds {unknown}
 r - a potion of invisibility {unknown}
 s - a potion of degeneration {unknown}


   Skills:
 - Level 2.6 Fighting
 + Level 4.1 Long Blades
 - Level 2.6 Armour
 - Level 2.6 Shields


You had 2 spell levels left.
You didn't know any spells.
Your spell library contained the following spells:

 Spells                   Type           Power      Damage    Failure   Level
 Poisonous Vapours        Pois/Air       0%         N/A       94%         2
 Mephitic Cloud           Conj/Pois/Air  0%         N/A       99%         3
 Freezing Cloud           Conj/Ice/Air   0%         6-21      100%        5


Dungeon Overview and Level Annotations

Branches:
Dungeon (3/15)


Innate Abilities, Weirdness & Mutations

You have an increased reservoir of magic. (+10% MP)
You shall have no god before yourself.
Your divine heritage dramatically boosts your attributes as you level up.


Message History

You bump into the rock wall.
You feel less confused. The orc wizard closely misses you.
You slash the orc wizard!
The orc wizard is severely wounded.
You block the orc wizard's attack.
You completely miss the orc wizard.
The orc wizard is severely wounded.
The orc wizard hits you with a +0 dagger.
You slash the orc wizard!
You kill the orc wizard!
A magic dart appears from out of thin air!
The magic dart hits you!
A puff of flame appears from out of thin air!
The puff of flame hits something.
A magic dart appears from out of thin air!
The magic dart hits something.
Unknown command.
Unknown command.
Unknown command.
You feel very mighty all of a sudden. Something hits you but does no damage.
You barely miss something.
The orc throws a javelin.
The javelin pierces through you but does no damage.
You hear some strange, mumbled words.
A puff of flame appears from out of thin air!
The puff of flame hits you.
You closely miss something. Something hits you.
You slice something!!
Reactivating autopickup.
You feel a bit more experienced.
The orc throws a javelin.
The javelin pierces through you!
* * * LOW HITPOINT WARNING * * *
Your Long Blades skill increases to level 4!
Deactivating autopickup; reactivate with Ctrl-A.
You closely miss something.
The orc throws a javelin.
The javelin completely misses you. Something hits you.
* * * LOW HITPOINT WARNING * * *
Something hits you.
You die...

#.# #.# # #.# .. #.#
... #.# .... #.# .....
#.# ##
......###########.# #.
.......†.o{@.>.(..# #.
.........####..#..#####
#. .........#
#..#......# #.
.........# #..#.####.#
#. .........# #..#.#
#.# #. .#####...#
#..#.## #.# #. #...#
#.....# #.# #. #...#
#.....# #.# #. #####.#
####.....# #.# #.


You could see an orc.

Vanquished Creatures
  2 orc wizards (D:3)
  An adder (D:2)
  An orc (D:3)
  4 endoplasms
  2 giant cockroaches (D:1)
  2 goblins (D:1)
  5 hobgoblins
  A quokka (D:2)
  3 ball pythons
  4 bats (D:1)
  3 kobolds
  4 rats
32 creatures vanquished.

Notes
Turn   | Place    | Note
-------+----------+-------------------------------------------
     0 | D:1      | FexLirch the Demigod Fighter began the quest for the Orb.
     0 | D:1      | Reached XP level 1. HP: 18/18 MP: 3/3
    30 | D:1      | Reached skill level 2 in Long Blades
   239 | D:1      | Reached XP level 2. HP: 25/25 MP: 4/4
   630 | D:1      | Reached skill level 3 in Long Blades
  1191 | D:2      | Reached XP level 3. HP: 28/30 MP: 5/5
  1744 | D:3      | Reached skill level 4 in Long Blades
  1744 | D:3      | Slain by an orc wizard

Illustrated notes

Levels and vault maps discovered:
D:1:      ncdulo_halloftheorcs, layout_basic
D:2:      layout_basic
D:3:      minmay_chambers_of_threes, layout_basic

Skill      XL: |  1  2  3 |
---------------+----------+-----
Long Blades    | 2 3 4 |  4.1
Fighting       | |  2.6
Armour         | |  2.6
Shields        | |  2.6

Action                     || total
---------------------------++-------
  Melee: Long sword        ||   117
    Use: Potion            ||     1
 Armour: Scale mail        ||    64
  Dodge: Dodged            ||    57
  Block: Buckler           ||    36
